 Dungeon Crawl Stone Soup version 0.22-a0-567-gff9aefc (webtiles) character file.

704 iamserjio the Shield-Bearer (level 7, 0/44 HPs)
             Began as a Gargoyle Fighter on June 29, 2018.
             Killed by divine providence
             ... invoked by an orc priest
              (11 damage)
             ... on level 5 of the Dungeon.
             The game lasted 00:09:24 (1316 turns).

iamserjio the Shield-Bearer (Gargoyle Fighter)      Turns: 1316, Time: 00:09:24

Health: 0/44       AC: 15    Str: 21 (22) XL:     7   Next: 67%
Magic:  7/7        EV:  6    Int:  7 (8)  God:
Gold:   111        SH: 10    Dex:  8 (9)  Spells: 6/6 levels left

rFire    . . .     SeeInvis .   a - +1 war axe
rCold    . . .     Gourm    .   c - +0 shield
rNeg     + . .     Faith    .   i - +0 chain mail
rPois    ∞         Spirit   .   h - +0 helmet
rElec    +         Reflect  .   (no cloak)
rCorr    .         Harm     .   (no gloves)
MR       .....                  (no boots)
Stlth    ..........             (no amulet)
HPRegen  0.14/turn              (no ring)
MPRegen  0.10/turn              (no ring)

@: no status effects
A: negative energy resistance 1, electricity resistance, unbreathing,
petrification resistance, rot immunity, AC +4
a: no special abilities


You were on level 5 of the Dungeon.
You were not hungry.

You visited 1 branch of the dungeon, and saw 5 of its levels.

You collected 111 gold pieces.

Inventory:

Hand Weapons
 a - a +1 war axe (weapon)
 d - a +0 lajatang
Armour
 b - a +0 scale mail
 c - a +0 shield (worn)
 h - a +0 helmet (worn)
 i - a +0 chain mail (worn)
 l - a +2 robe of magic resistance
Scrolls
 e - a scroll of teleportation {unknown}
 n - 2 scrolls of remove curse {@r2}
 o - a scroll of enchant weapon
Potions
 g - 2 potions of degeneration
Comestibles
 f - 9 rations
 j - a chunk of flesh


   Skills:
 + Level 4.9 Fighting
 * Level 4.7 Axes
 + Level 4.8 Armour
 * Level 6.1 Shields


You had 6 spell levels left.
You didn't know any spells.
Your spell library was empty.

Dungeon Overview and Level Annotations

Branches:
Dungeon (5/15)
 Temple: D:4-7

Altars:
Gozag
Uskayaw

Annotations:
D:3 3 runed doors, Alabard's ghost, amateur DrTm


Innate Abilities, Weirdness & Mutations

You are resistant to torment.
Your stone body is resilient. (AC +4)
You are immune to poison.
You resist negative energy. (rN+)
You are resistant to electric shocks. (rElec)
You can survive without breathing.
You are immune to petrification.
You are immune to rotting.


Message History

e - a scroll labeled MENNIA ICYLUSH You see here a club.
Found 19 sling bullets.
Your extra speed is starting to run out.
You feel yourself slow down.
Found an escape hatch in the ceiling.
There is an escape hatch in the ceiling here.
Found a dagger of speed.
You now have 111 gold pieces (gained 13).
The orc priest shouts!
You hear a shout!
The orc priest looks satisfied for a moment.
A shadow imp comes into view.
The shadow imp shouts!
An orc wizard comes into view. It is wielding a dagger.
You closely miss the orc priest.
The orc wizard shouts!
You hear a shout!
You hear a bark!
The orc priest barely misses you.
The orc priest invokes the aid of Beogh against you.
Beogh smites you!
You die...

#.......## #.# .......<.#
.. ....(.o........ .. ##
#........o####### . .
...........## #. #
#........5.. .# #
#..........## .### #
.........o.# ..# #
#.......@.# #####.####
#.........# ####.........
#.........###....###..###
##.......#..<.#### ##...#
#)........#### ###(.
....######### ##. ### ##
#


You could see an orc priest, an orc wizard, a shadow imp and an orc.

Vanquished Creatures
  A bullfrog (D:4)
  A scorpion (D:4)
  A centaur zombie (D:5)
  3 orc priests
  4 orc wizards
  Jessica (D:3)
  An iguana (D:4)
  4 worker ants
  A hound zombie (D:4)
  2 worker ant zombies (D:4)
  5 adders
  3 gnolls (D:4)
  A shadow imp (D:5)
  3 adder zombies (D:4)
  An adder skeleton (D:4)
  3 worms
  2 leopard geckos
  13 orcs
  A ball python (D:4)
  A giant cockroach (D:1)
  3 goblins
  4 hobgoblins
  2 jackals (D:1)
  7 kobolds
  2 quokkas
  A ball python skeleton (D:4)
  4 bats
  2 frilled lizards
  3 giant cockroach zombies (D:4)
  A jackal skeleton (D:4)
  A leopard gecko zombie (D:4)
  2 quokka zombies (D:4)
  3 rats
87 creatures vanquished.

Notes
Turn   | Place    | Note
-------+----------+-------------------------------------------
     0 | D:1      | iamserjio the Gargoyle Fighter began the quest for the Orb.
     0 | D:1      | Reached XP level 1. HP: 14/14 MP: 1/1
    94 | D:1      | Reached XP level 2. HP: 8/19 MP: 2/2
   224 | D:3      | Found an opulent altar of Gozag.
   252 | D:3      | Reached XP level 3. HP: 18/23 MP: 3/3
   324 | D:3      | Noticed Jessica
   325 | D:3      | Found a hide-covered altar of Uskayaw.
   329 | D:3      | Reached skill level 4 in Shields
   336 | D:3      | Killed Jessica
   336 | D:3      | Reached XP level 4. HP: 7/29 MP: 4/4
   503 | D:3      | Found a runed gate.
   508 | D:3      | Found a runed gate.
   508 | D:3      | Found a runed gate.
   531 | D:3      | Noticed Alabard's ghost (amateur DrTm)
   561 | D:4      | Reached XP level 5. HP: 17/33 MP: 5/5
   724 | D:4      | Reached XP level 6. HP: 5/38 MP: 6/6
   763 | D:4      | HP: 1/38 [adder zombie (3)]
   774 | D:4      | Reached skill level 5 in Shields
   844 | D:5      | Entered Level 5 of the Dungeon
   958 | D:4      | Reached XP level 7. HP: 23/44 MP: 7/7
  1219 | D:4      | Reached skill level 6 in Shields
  1235 | D:4      | HP: 2/44 [orc wizard/magic dart (8)]
  1316 | D:5      | Killed from afar by an orc priest

Vault maps used:
D:1:      lemuel_arrival_funnel, serial_curves, eino_curves_02, eino_curves_03
D:3:      overflow_temple_1_default, nicolae_overflow_crystal_walls,
          biasface_ghost_orc_armoury, nicolae_gozag_seed_capital, uniq_jessica
D:4:      serial_undead, serial_undead_c, serial_undead_e, serial_undead_d,
          serial_undead_f, serial_undead_c, serial_undead_c, serial_undead_e,
          first_ration, minmay_misc_feat_enclosed, minivault_11
D:5:      nicolae_ossuary_entry_plus, uniq_duvessa

Skill      XL: |  1  2  3  4  5  6  7 |
---------------+----------------------+-----
Axes           | 2 3 4 |  4.7
Shields        | 4 5 6 |  6.1
Fighting       | 4 |  4.9
Armour         | 4 |  4.8

Action                   |  1- 3 |  4- 6 |  7- 9 || total
-------------------------+-------+-------+-------++-------
Melee: War axe           |    92 |   176 |   121 ||   389
  Use: Potion            |       |     4 |     4 ||     8
       Scroll            |       |     2 |       ||     2
  Eat: Chunk             |       |       |     3 ||     3
Armor: Scale mail        |    51 |   129 |       ||   180
       Chain mail        |       |     3 |    92 ||    95
Dodge: Dodged            |    40 |    64 |    23 ||   127
Block: Shield            |    51 |   106 |    70 ||   227

Table legend:
 A = Spawn XP
 B = Non-spawn XP
 C = Spawn XP percentage of total XP
 D = Spawn monster count
 E = Non-spawn monster count
 F = Spawn count percentage of total count
 G = Total turns spent on level
                    A         B        C        D         E        F      G
               +---------+---------+-------+---------+---------+-------+---------
         Total |       0 |    1007 |   0.0 |       0 |      87 |   0.0 |  1316
               +---------+---------+-------+---------+---------+-------+---------
           D:1 |       0 |      19 |   0.0 |       0 |      10 |   0.0 |   202
           D:2 |       0 |      34 |   0.0 |       0 |      12 |   0.0 |   117
           D:3 |       0 |     140 |   0.0 |       0 |      18 |   0.0 |   247
           D:4 |       0 |     635 |   0.0 |       0 |      38 |   0.0 |   568
           D:5 |       0 |     179 |   0.0 |       0 |       9 |   0.0 |   182
               +---------+---------+-------+---------+---------+-------+---------
